 Dungeon Crawl Stone Soup version 0.30-a0-964-gd452b5e7fa (webtiles) character file.

Game seed: 10275432541858251958

28 vishdafish the Conjurer (level 3, 24/24 HPs)
             Began as a Demonspawn Conjurer on Mar 30, 2023.
             Quit the game on level 2 of the Dungeon.
             The game lasted 00:01:05 (1126 turns).

vishdafish the Conjurer (Demonspawn Conjurer)       Turns: 1126, Time: 00:01:06

Health: 24/24      AC:  3    Str:  7    XL:     3   Next: 0%
Magic:  5/7        EV: 12    Int: 21    God:
Gold:   17         SH:  0    Dex: 11    Spells: 6/7 levels left

rFire   . . .      SeeInvis .    (no weapon)
rCold   . . .      Faith    .    (no shield)
rNeg    . . .      Spirit   .    a - +0 robe
rPois   .          Reflect  .    (helmet restricted)
rElec   .          Rampage  .    f - +0 cloak
rCorr   .                        (no gloves)
Will    .....                    (no boots)
Stlth   ++                       (no amulet)
HPRegen 0.24/turn                (no ring)
MPRegen 0.10/turn                (no ring)

@: no status effects
A: antennae 1, demonic magic 1
a: no special abilities


You were on level 2 of the Dungeon.
You visited 1 branch of the dungeon, and saw 2 of its levels.

You collected 17 gold pieces.

Inventory:

Armour
 a - a +0 robe (worn)
 f - a +0 cloak (worn)
Scrolls
 c - a scroll of teleportation {unknown}
 e - a scroll of noise {unknown}
 g - a scroll of identify {unknown}
 h - a scroll of enchant weapon {unknown}
 j - a scroll of silence {unknown}
Potions
 b - a potion of brilliance {unknown}
 d - a potion of resistance {unknown}
 i - a potion of invisibility {unknown}
 k - a potion of haste {unknown}


   Skills:
 - Level 1.7 Dodging
 - Level 1.7 Stealth
 + Level 2.7 Spellcasting
 + Level 4.5 Conjurations


You had 6 spell levels left.
You knew the following spells:

 Your Spells              Type           Power      Damage    Failure   Level
a - Magic Dart            Conj           84%        1d7       2%          1

Your spell library contained the following spells:

 Spells                   Type           Power      Damage    Failure   Level
 Searing Ray              Conj           42%        2d6       3%          2
 Dazzling Flash           Conj/Hex       24%        N/A       16%         3
 Fulminant Prism          Conj/Hex       6%         3d7       47%         4
 Iskenderun's Mystic Bla  Conj/Tloc      12%        2d5       47%         4


Dungeon Overview and Level Annotations

Branches:
Dungeon (2/15)

Altars:


Innate Abilities, Weirdness & Mutations

You have a pair of small antennae on your head.
Spells you cast may paralyse adjacent enemies.


Message History

Done exploring.
Done exploring.
Done exploring.
You can't see any susceptible monsters within range! (Use Z to cast anyway.)
(D) Dungeon
Where to? (? - help)
There is a stone staircase leading down here.
You climb downwards.
Found a hand axe.
There is a stone staircase leading up here.
A frilled lizard is nearby!
A frilled lizard is nearby!
A frilled lizard is nearby!
The magic dart hits the frilled lizard.
You kill the frilled lizard!
You can't see any susceptible monsters within range! (Use Z to cast anyway.)
You can't see any susceptible monsters within range! (Use Z to cast anyway.) Magic restored.
A ball python comes into view.
A ball python is nearby!
A ball python is nearby!
You miscast Magic Dart.
You are very lightly contaminated with residual magic.
Nothing appears to happen.
The magic dart hits the ball python.
You kill the ball python!
You can't see any susceptible monsters within range! (Use Z to cast anyway.)
You can't see any susceptible monsters within range! (Use Z to cast anyway.)
Your magical contamination has completely faded away.
A goblin comes into view. It is wielding a +0 dagger.
A goblin is nearby!
A goblin is nearby!
The magic dart hits the goblin.
You kill the goblin!
You have reached level 3!
Your experience leads to an increase in your attributes!
Increase (S)trength, (I)ntelligence, or (D)exterity?
You feel clever. x2; Your demonic ancestry asserts itself...
A menacing aura infuses your magic.
Are you sure you want to abandon this character and quit the game? (Confirm with "yes".)

.# . .. #.. #.# ..
.. #.# #.# ..#
...##..# ...
#......##
#..####.#....)#
#.......#@###.#.#
##..† #.#....†...#
...... #...#.....#
...)..###..#.#..##
.......#.....# .#
#<#.......#
###.#####.# #.. #
####


There were no monsters in sight!

Vanquished Creatures
  2 endoplasms (D:1)
  A giant cockroach (D:1)
  2 goblins
  2 hobgoblins (D:1)
  4 jackals (D:1)
  4 ball pythons
  3 bats (D:1)
  2 frilled lizards
  2 kobolds (D:1)
  5 rats
27 creatures vanquished.

Notes
Turn   | Place    | Note
-------+----------+-------------------------------------------
     0 | D:1      | vishdafish the Demonspawn Conjurer began the quest for the
                  | Orb.
     0 | D:1      | Reached XP level 1. HP: 13/13 MP: 3/3
   219 | D:1      | Gained mutation: You have a pair of small antennae on your
                  | head. [demonic ancestry]
   219 | D:1      | Reached XP level 2. HP: 7/19 MP: 0/5
   509 | D:1      | You fall into a shaft and drop 1 floor!
  1126 | D:2      | Gained mutation: Spells you cast may paralyse adjacent
                  | enemies. [demonic ancestry]
  1126 | D:2      | Reached XP level 3. HP: 24/24 MP: 5/7
  1126 | D:2      | Quit the game

Illustrated notes

Levels and vault maps discovered:
D:1:      psy_arrival_statuary, layout_loops_ring, minmay_misc_feat_x
D:2:      layout_loops_cross, ebering_ecumenical_altar_rust, basic_altar,
          minmay_worlds_worst_comb

Action                     || total
---------------------------++-------
  Melee: Unarmed           ||    18
         Punch             ||     1
   Cast: Magic Dart        ||    41
    Use: Potion            ||     1
 Armour: Robe              ||     9
  Dodge: Dodged            ||    11

Table legend: (Time is in decaauts)
 A = Elapsed time spent in this place.
 B = Non-inter-level travel time spent in this place.
 C = Inter-level travel time spent in this place.
 D = Time resting spent in this place.
 E = Time spent auto-exploring this place.
 F = Levels seen in this place.
 G = Mean time per level.
                   A        B        C        D        E       F      G
               +--------+--------+--------+--------+--------+-----+--------+
         Total |   1125 |   1092 |     33 |      0 |    967 |   2 |  562.5 |
       Dungeon |   1125 |   1092 |     33 |      0 |    967 |   2 |  562.5 |
               +--------+--------+--------+--------+--------+-----+--------+

Top non-repeatable levels by time:
     D:1: 1073 daAuts
     D:2: 51 daAuts
